 Dungeon Crawl Stone Soup version 0.24.0-13-gcf9b319 (webtiles) character file.

Game seed: 13339630509066840393, levelgen mode: deterministic

164 Aeroq the Conjurer (level 5, 0/38 HPs)
             Began as a Draconian Conjurer on Dec 31, 2019.
             Slain by an orc priest
             ... wielding a +0 flail
              (8 damage)
             ... on level 3 of the Dungeon.
             The game lasted 00:03:42 (3704 turns).

Aeroq the Conjurer (Draconian Conjurer)             Turns: 3704, Time: 00:03:42

Health: 0/38       AC:  5    Str: 10    XL:     5   Next: 21%
Magic:  9/9        EV: 13    Int: 17    God:
Gold:   187        SH:  0    Dex: 11    Spells: 7/10 levels left

rFire    . . .     SeeInvis .   f - +1 dagger (venom)
rCold    . . .     Gourm    .   (no shield)
rNeg     . . .     Faith    .   (armour unavailable)
rPois    .         Spirit   .   (helmet restricted)
rElec    .         Reflect  .   (no cloak)
rCorr    .         Harm     .   (no gloves)
MR       .....                  (no boots)
Stlth    ++........             l - amulet of rage
HPRegen  0.12/turn              (no ring)
MPRegen  0.11/turn              (no ring)

@: no status effects
A: unfitting armour, cold-blooded, AC +5
a: Evoke Berserk Rage


You were on level 3 of the Dungeon.
You were not hungry.

You visited 1 branch of the dungeon, and saw 3 of its levels.

You collected 187 gold pieces.

Inventory:

Hand Weapons
 f - a +1 dagger of venom (weapon)
Jewellery
 l - an amulet of rage (around neck)
Wands
 q - a wand of digging (5)
Scrolls
 a - 2 scrolls of enchant armour {unknown}
 c - 2 scrolls of remove curse {unknown}
 d - 2 scrolls of identify {unknown}
 g - a scroll of random uselessness {unknown}
 h - 2 scrolls of teleportation {unknown}
 i - a scroll of fog {unknown}
 o - a scroll of noise {unknown}
Potions
 e - a potion of lignification {unknown}
 j - a potion of brilliance {unknown}
 k - a potion of might {unknown}
 m - a potion of mutation {unknown}
 n - a potion of curing {unknown}
Comestibles
 b - 2 rations


   Skills:
 + Level 2.8 Dodging
 - Level 1.7 Stealth
 + Level 3.0 Spellcasting
 * Level 5.4 Conjurations


You had 7 spell levels left.
You knew the following spells:

 Your Spells              Type           Power        Failure   Level  Hunger
a - Magic Dart            Conj           ###.         1%          1    None
b - Searing Ray           Conj           ###...       2%          2    ##.....

Your spell library contained the following spells:

 Spells                   Type           Power        Failure   Level  Hunger
 Dazzling Spray           Conj/Hex       ##....       17%         3    ###....
 Iskenderun's Mystic Bla  Conj           ###.....     19%         4    ####...
 Force Lance              Conj/Tloc      ##......     50%         4    ####...
 Fulminant Prism          Conj/Hex       ##........   50%         4    ####...


Dungeon Overview and Level Annotations

Branches:
Dungeon (2/15)

Altars:


Innate Abilities, Weirdness & Mutations

Your plain brown scales are hard. (AC +5)
You cannot fit into any form of body armour.
You are cold-blooded and may be slowed by cold attacks.


Message History

The orc closely misses you.
You barely miss the orc.
The orc is heavily wounded.
The orc priest mumbles some strange prayers to Beogh against you.
Beogh smites you! The orc closely misses you.
You barely miss the orc priest.
You kill the orc!
The orc priest hits you with a +0 flail.
The orc closely misses you.
Unknown command.
You hit the orc priest but do no damage.
The orc priest is poisoned.
The orc priest hits you with a +0 flail!
* * * LOW HITPOINT WARNING * * *
The orc hits you with a +0 short sword.
* * * LOW HITPOINT WARNING * * *
You hit the orc priest but do no damage.
The orc priest is lightly wounded.
The orc priest hits you with a +0 flail!
You die...

###.####.##...#.#
#........#.....#
#.##..........##
#.##...........#
#.##.......#.......
#.##.....#...##.###
#.####.####.## .#
#.# #>o.### .# #.#
#@#.# # #.# #o#.#


rl. . ##.#.## #.#.# ... . #.. .. ### ## You could see an orc priest, an orc, a
leopard gecko and a rat.

Vanquished Creatures
  A hound (D:3)
  Ijyb (D:3)
  6 adders
  2 worms (D:2)
  A dart slug (D:1)
  A leopard gecko (D:3)
  2 orcs (D:3)
  3 ball pythons (D:1)
  2 bats
  A giant cockroach (D:1)
  9 hobgoblins
  4 jackals (D:3)
  5 kobolds
  A frilled lizard (D:1)
  4 goblins
  3 rats
46 creatures vanquished.

Notes
Turn   | Place    | Note
-------+----------+-------------------------------------------
     0 | D:1      | Aeroq the Draconian Conjurer began the quest for the Orb.
     0 | D:1      | Reached XP level 1. HP: 14/14 MP: 3/3
   267 | D:1      | Reached XP level 2. HP: 12/20 MP: 0/5
  1627 | D:2      | Learned a level 2 spell: Searing Ray
  2123 | D:2      | Reached XP level 3. HP: 6/26 MP: 1/6
  2858 | D:2      | You fall into a shaft and drop 1 floor!
  2869 | D:3      | Reached skill level 5 in Conjurations
  2869 | D:3      | Reached XP level 4. HP: 19/33 MP: 5/8
  3523 | D:3      | Noticed Ijyb
  3565 | D:3      | Killed Ijyb
  3565 | D:3      | Reached XP level 5. HP: 30/38 MP: 1/9
  3704 | D:3      | Slain by an orc priest

Levels and vault maps discovered:
D:1:      minmay_arrival_four_circles, layout_basic
D:2:      minmay_inner_zag, layout_basic, first_ration, tso_metal_star,
          uniq_terence
D:3:      layout_loops_ring, minitemple, uniq_ijyb

Skill      XL: |  1  2  3  4 |
---------------+-------------+-----
Dodging        | 2 |  2.8
Conjurations   | 5 |  5.4
Spellcasting   | 3 |  3.0
Stealth        | |  1.7

Action                   |  1- 3 |  4- 6 || total
-------------------------+-------+-------++-------
Melee: Unarmed           |    12 |       ||    12
       Tailslap          |     3 |     6 ||     9
       Dagger            |    44 |    63 ||   107
 Cast: Magic Dart        |    27 |     5 ||    32
       Searing Ray       |     5 |     3 ||     8
 Stab: Sleeping          |     3 |       ||     3
  Eat: Chunk             |     3 |     3 ||     6
       Ration            |     1 |       ||     1
Armor: Skin              |    17 |    23 ||    40
Dodge: Dodged            |    41 |    46 ||    87
